AoeStats
← bill.bolding23

Four Lakes

510224881Analyzed
1v1 RM · 2d ago on Sep 30, 2026· 42m 38s· 2 players
Game mode
Random Map
Map size
Tiny (2 player)
Population
200
Speed
Normal
Resources
Standard
Victory
Conquest
Starting age
Dark Age
Ending age
Imperial Age
RankedLock teamsTeams togetherTeam positionsShared explorationLock speedFull tech treeHidden civsTurbo modeCheats
Victory
Defeat
🇨🇴 Ethiopians · Colombia
583
+17
🇺🇸 Huns · United States
615
-17
Masepulvedah1
0:34 Loom
13:20 Feudal Age
13:48 Double-Bit Axe
13:45 Horse Collar
14:00 Gold Mining
16:06 Padded Archer Armor
21:02 Fletching
32:01 Castle Age
32:12 Crossbowman
32:57 Thumb Ring
34:14 Bodkin Arrow
34:34 Leather Archer Armor
35:09 Stone Mining
36:10 Wheelbarrow
bill.bolding23
10:57 Feudal Age
12:23 Double-Bit Axe
12:33 Horse Collar
16:33 Bloodlines
21:26 Castle Age
20:29 Gold Mining
22:12 Husbandry
23:07 Padded Archer Armor
22:59 Fletching
24:13 Thumb Ring
25:30 Wheelbarrow
29:15 Hand Cart
31:21 Scale Barding Armor
32:44 Elite Skirmisher
37:05 Town Watch
42:38 Bow Saw
42:32 Heavy Plow
Connection lost

Rejoining the realm…

Still unreachable

The connection could not be restored.

Session expired

The server has moved on; the page needs a fresh start.